 Dungeon Crawl Stone Soup version 0.23-a0-436-g57debff (webtiles) character file.

1232 XanderDroid the Cudgeler (level 8, -7/51 HPs)
             Began as a Gargoyle Fighter on Nov 16, 2018.
             Mangled by an ogre
             ... wielding a +0 giant club
              (18 damage)
             ... on level 4 of the Dungeon.
             The game lasted 00:16:01 (4553 turns).

XanderDroid the Cudgeler (Gargoyle Fighter)         Turns: 4553, Time: 00:16:02

Health: -7/51      AC: 13    Str: 21    XL:     8   Next: 48%
Magic:  8/8        EV:  8    Int:  9    God:
Gold:   117        SH: 11    Dex: 10    Spells: 7/7 levels left

rFire    . . .     SeeInvis .   s - +0 morningstar
rCold    . . .     Gourm    .   c - +1 shield
rNeg     + . .     Faith    .   b - +0 scale mail
rPois    ∞         Spirit   .   (no helmet)
rElec    +         Reflect  .   (no cloak)
rCorr    .         Harm     .   (no gloves)
MR       .....                  (no boots)
Stlth    ..........             (no amulet)
HPRegen  0.17/turn              (no ring)
MPRegen  0.11/turn              (no ring)

@: no status effects
A: negative energy resistance 1, electricity resistance, unbreathing,
petrification resistance, rot immunity, AC +5
a: no special abilities


You were on level 4 of the Dungeon.
You were not hungry.

You visited 1 branch of the dungeon, and saw 5 of its levels.

You collected 117 gold pieces.

Inventory:

Hand Weapons
 s - a +0 morningstar (weapon)
Missiles
 p - 20 bolts
Armour
 b - a +0 scale mail (worn)
 c - a +1 shield (worn)
Wands
 o - a wand of iceblast (6)
Scrolls
 a - a scroll of teleportation {unknown}
 h - 2 scrolls of identify
 i - 4 scrolls of remove curse
 j - 4 scrolls of enchant armour
 k - a scroll of magic mapping
 l - a scroll of amnesia {unknown}
 q - a scroll of noise {unknown}
 t - a scroll of enchant weapon {unknown}
 v - a scroll of fear {unknown}
Potions
 d - a potion of might
 e - a potion of mutation
Comestibles
 f - 6 rations
 g - 4 chunks of flesh


   Skills:
 + Level 5.8 Fighting
 * Level 6.5 Maces & Flails
 + Level 5.8 Armour
 + Level 5.9 Shields


You had 7 spell levels left.
You didn't know any spells.
Your spell library was empty.

Dungeon Overview and Level Annotations

Branches:
Dungeon (5/15)
 Temple: D:4-7

Altars:
Elyvilon
Hepliaklqana
Kikubaaqudgha
Nemelex Xobeh
Ru
Vehumet

Annotations:
D:4 2 runed doors, KittyKrap's ghost, novice TrFi


Innate Abilities, Weirdness & Mutations

You are resistant to torment.
Your stone body is resilient. (AC +5)
You are immune to poison.
You resist negative energy. (rN+)
You are resistant to electric shocks. (rElec)
You can survive without breathing.
You are immune to petrification.
You are immune to rotting.


Message History

Things that are here:
a cursed +0 scale mail; a +0 flail The ogre hits you with a +0 giant club!
* * * LOW HITPOINT WARNING * * *
Evoke which item? (* to show all) (? for menu, Esc to quit)
Aiming: Iceblast
Press: ? - help, Shift-Dir - straight line, f - ogre
Aim: an ogre, wielding a +0 giant club The mass of ice explodes!
The iceblast engulfs the ogre.
The ogre is moderately wounded.
You feel better. You block the ogre's attack.
You hit the ogre.
The ogre is heavily wounded.
The ogre hits you with a +0 giant club!
* * * LOW HITPOINT WARNING * * *
You feel better. You block the ogre's attack.
You puncture the ogre!
The ogre is severely wounded.
The ogre hits you with a +0 giant club!!
You die...

............#..........#####.....
............<..######..#.##......
................###............##
#........................##...##
#.......................##...##
...#.......................###
..................[........#
.###............O.>).......#
..####..........@)........##
..[....).......p...........###
....................)........#
...................#.#.#.....#
............##.......###....##
............###...##...###..#
............##...####..# #.##
.....⌠.⌠.....##..# ##.#####
......_..........#####..#


You could see an ogre and a neutral freed slave (wandering).

Vanquished Creatures
  Pikel (D:3)
  Sigmund (D:2)
  2 slaves (D:3)
  An ogre (D:4)
  A phantom (D:4)
  A water moccasin skeleton (D:4)
  A centaur skeleton (D:4)
  An iguana (D:3)
  3 orc priests
  2 orc wizards (D:4)
  Natasha (thrice) (D:2)
  A gnoll (D:1)
  2 adders (D:4)
  4 adder skeletons (D:4)
  3 worms
  2 dart slugs (D:1)
  3 leopard geckos
  6 orcs
  3 bats
  9 giant cockroaches
  6 goblins
  5 hobgoblins
  7 jackals
  6 kobolds
  5 frilled lizards
  5 rats
84 creatures vanquished.

Notes
Turn   | Place    | Note
-------+----------+-------------------------------------------
     0 | D:1      | XanderDroid the Gargoyle Fighter began the quest for the
                  | Orb.
     0 | D:1      | Reached XP level 1. HP: 14/14 MP: 1/1
    82 | D:1      | Reached XP level 2. HP: 19/19 MP: 2/2
   338 | D:1      | Reached XP level 3. HP: 23/23 MP: 3/3
   823 | D:2      | Noticed Sigmund
  1015 | D:2      | Noticed Natasha
  1024 | D:2      | Killed Natasha
  1024 | D:2      | Reached skill level 3 in Maces & Flails
  1024 | D:2      | Reached XP level 4. HP: 14/29 MP: 4/4
  1149 | D:2      | Noticed Natasha
  1159 | D:2      | Killed Natasha
  1587 | D:2      | Noticed Natasha
  1613 | D:2      | Killed Natasha
  1613 | D:2      | Reached XP level 5. HP: 25/33 MP: 5/5
  1682 | D:2      | Killed Sigmund
  1682 | D:2      | Reached skill level 4 in Maces & Flails
  1682 | D:2      | Reached XP level 6. HP: 16/39 MP: 6/6
  2113 | D:2      | Found a faded altar of an unknown god.
  3298 | D:4      | Found a runed door.
  3300 | D:4      | Noticed KittyKrap's ghost (novice TrFi)
  3316 | D:4      | Noticed a slave
  3316 | D:4      | Noticed Pikel
  3316 | D:4      | Noticed a slave
  3317 | D:4      | Noticed a slave
  3325 | D:4      | Noticed a slave
  3345 | D:3      | Killed a slave
  3431 | D:4      | Found a sparkling altar of Nemelex Xobeh.
  3437 | D:4      | Found a runed door.
  3452 | D:4      | Reached XP level 7. HP: 28/44 MP: 7/7
  3641 | D:4      | Found a sacrificial altar of Ru.
  3690 | D:4      | Reached skill level 5 in Maces & Flails
  3822 | D:3      | Killed Pikel
  3822 | D:3      | Reached skill level 5 in Fighting
  3822 | D:3      | Reached skill level 6 in Maces & Flails
  3822 | D:3      | Reached skill level 5 in Armour
  3822 | D:3      | Reached skill level 5 in Shields
  3822 | D:3      | Reached XP level 8. HP: 14/50 MP: 8/8
  4043 | D:4      | Found an ancient bone altar of Kikubaaqudgha.
  4048 | D:4      | Found a hazy altar of Hepliaklqana.
  4170 | D:4      | Found a radiant altar of Vehumet.
  4170 | D:4      | Found a white marble altar of Elyvilon.
  4384 | D:5      | Entered Level 5 of the Dungeon
  4551 | D:4      | HP: 2/51 [ogre/+0 giant club (9)]
  4553 | D:4      | Mangled by an ogre

Vault maps used:
D:1:      giann_wishing_wells, hangedman_decor_clover_reticule,
          grunt_decor_one_mirror
D:2:      wander_river, chequers_ecumenical_altar_grove, uniq_natasha,
          uniq_sigmund
D:4:      nemelex_xobeh_ov_fountains_minmay, grunt_temple_overflow_open,
          ebering_ghost_sewer_f, nicolae_ru_path_of_blood, uniq_pikel
D:5:      cheibrodos_two_vegetables, nicolae_overflow_hidden_temple,
          first_ration, nicolae_ossuary_entry_giza

Skill      XL: |  1  2  3  4  5  6  7 |
---------------+----------------------+-----
Maces & Flails | 3 4 6 |  6.5
Fighting       | 4 5 |  5.8
Armour         | 4 5 |  5.8
Shields        | 4 5 |  5.9

Action                   |  1- 3 |  4- 6 |  7- 9 || total
-------------------------+-------+-------+-------++-------
Melee: Flail             |   101 |    65 |       ||   166
       Morningstar       |       |   103 |    78 ||   181
       Mace              |       |    23 |       ||    23
Evoke: Wand              |       |       |     1 ||     1
  Use: Scroll            |       |     7 |     1 ||     8
       Potion            |       |       |     2 ||     2
  Eat: Chunk             |     1 |     8 |     3 ||    12
Armor: Scale mail        |    58 |   104 |    83 ||   245
Dodge: Dodged            |    46 |    54 |    32 ||   132
Block: Shield            |    70 |   109 |    79 ||   258

Table legend:
 A = Non-vault XP
 B = Vault XP
 C = Vault XP percentage of total XP
 D = Non-vault monster count
 E = Vault monster count
 F = Vault count percentage of total count
                 A         B        C        D         E       F
            +---------+---------+-------+---------+---------+-------
      Total |     843 |     917 |  52.1 |      79 |       3 |   3.7
            +---------+---------+-------+---------+---------+-------
        D:1 |      58 |       0 |   0.0 |      22 |       0 |   0.0
        D:2 |      98 |     266 |  73.1 |      14 |       2 |  12.5
        D:3 |     119 |     651 |  84.5 |      22 |       1 |   4.3
        D:4 |     568 |       0 |   0.0 |      21 |       0 |   0.0
            +---------+---------+-------+---------+---------+-------
